 Dungeon Crawl Stone Soup version 0.30.0-5-g1a98f26d00 (webtiles) character file.

Game seed: 9059518698435955597

3774 buriedalive the Nimble (level 9, -3/42 (46) HPs)
             Began as a Deep Elf Ice Elementalist on May 11, 2023.
             Was a Follower of Ashenzari.
             Engulfed by a steam dragon's steam (19 damage)
             ... on level 8 of the Dungeon.
             The game lasted 00:18:03 (9540 turns).

buriedalive the Nimble (Deep Elf Ice Elementalist)  Turns: 9540, Time: 00:18:03

HP:   -3/42 (46)    AC:  7    Str:  5    XL:     9   Next: 95%
MP:   15/18         EV: 17    Int: 31    God:    Ashenzari [*.....]
Gold: 579           SH:  0    Dex: 15    Spells: 7/18 levels left

rFire   x . .        y - +1 flail (holy)
rCold   + . .        (no shield)
rNeg    . . .        a - +0 robe
rPois   .            (no helmet)
rElec   .            o - +0 cloak "Perceptive Fetters" {Bglg, Range} (curse)
rCorr   .            G - +0 pair of gloves
SInv    .            f - +2 pair of boots of the Lashed Sun {Melee, Bglg} (curse)
Will    .....        (no amulet)
Stlth   ++           E - +6 ring of intelligence
HPRegen 0.27/turn    F - ring of ice
MPRegen 0.16/turn

%: no passive effects
@: freezing walls, drained
A: no striking features
a: Renounce Religion, Shatter the Chains


You were on level 8 of the Dungeon.
You worshipped Ashenzari.
Ashenzari was aware of your devotion.
You visited 2 branches of the dungeon, and saw 9 of its levels.

You collected 684 gold pieces.
You spent 105 gold pieces at shops.

Inventory:

Hand Weapons
 g - a +2 dagger of venom
 p - a +2 long sword of protection
 u - a +3 dagger
 y - a +1 flail of holy wrath (weapon)
 C - a +3 dagger of protection
Missiles
 e - 103 stones
 r - 4 poisoned darts
 x - 4 throwing nets
Armour
 a - a +0 robe (worn)
 f - the cursed +2 pair of boots of the Lashed Sun (worn) {Melee, Bglg}
   (You found it on level 1 of the Dungeon)

   It has a curse which improves the following skills: Melee Combat: Short
   Blades, Long Blades, Axes, Maces & Flails, Polearms, Staves and Unarmed
   Combat.
   Beguiling: Conjurations, Hexes and Translocations.
 o - the cursed +0 cloak "Perceptive Fetters" (worn) {Bglg, Range}
   (You took it off Crazy Yiuf on level 4 of the Dungeon)

   It has a curse which improves the following skills: Beguiling: Conjurations,
   Hexes and Translocations.
   Ranged Combat: Ranged Weapons and Throwing.
 G - a +0 pair of gloves (worn)
Jewellery
 t - a ring of flight
 E - a +6 ring of intelligence (left hand)
 F - a ring of ice (right hand)
 J - a ring of resist corrosion
Wands
 n - a wand of roots (2)
 w - a wand of flame (27)
 z - a wand of digging (6)
 A - a wand of mindburst (10)
 D - a wand of paralysis (18)
Scrolls
 c - a scroll of fog
 d - 2 scrolls of immolation
 H - a scroll of noise
Potions
 b - a potion of magic
 h - a potion of haste
 i - a potion of ambrosia
 j - 2 potions of brilliance
 k - 5 potions of curing
 l - a potion of might
 m - 3 potions of invisibility
 q - 2 potions of mutation
 v - 2 potions of flight


   Skills:
 + Level 0.8 Fighting
 + Level 10.7 Dodging
 - Level 2.4 Stealth
 - Level 5.0 Spellcasting
 + Level 7.7 Summonings
 - Level 10.0 Ice Magic


You had 7 spell levels left.
You knew the following spells:

 Your Spells              Type           Power      Damage    Failure   Level
a - Freeze                Ice            100%       1d10      1%          1
b - Ozocubu's Armour      Ice            81%        N/A       1%          3
c - Frozen Ramparts       Ice            100%       1d16      1%          3
d - Summon Ice Beast      Ice/Summ       76%        N/A       1%          4

Your spell library contained the following spells:

 Spells                   Type           Power      Damage    Failure   Level
 Summon Small Mammal      Summ           100%       N/A       1%          1
 Call Canine Familiar     Summ           54%        N/A       1%          3
 Summon Guardian Golem    Hex/Summ       32%        N/A       3%          3
 Olgreb's Toxic Radiance  Pois           7%         N/A       47%         4
 Discord                  Hex            4%         N/A       100%        8
 Ignition                 Fire           3%         3d4       100%        8


Dungeon Overview and Level Annotations

Branches:
Dungeon (8/15)             Temple (1/1) D:7
   Lair: D:8-11

Altars:
Ashenzari
Cheibriados
Dithmenos
Elyvilon
Gozag
Hepliaklqana
Kikubaaqudgha
Makhleb
Nemelex Xobeh
Okawaru
Qazlal
Ru
Sif Muna
Trog
Uskayaw
Vehumet
Wu Jian
Xom
Zin
The Shining One

Shops:
D:2 !?::(


Message History

The walls around you are covered in ice.
The wall freezes the bullfrog.
The bullfrog seems to slow down.
Unknown command.
You hit the bullfrog.
The bullfrog is lightly wounded.
The wall freezes the bullfrog!
The bullfrog seems to slow down.
The bullfrog snags a nearby small bird with its tongue.
The bullfrog hits you.
The wall freezes the bullfrog.
The bullfrog closely misses you.
You hit the bullfrog but do no damage.
The bullfrog is almost dead.
The wall freezes the bullfrog.
The bullfrog hits you but does no damage.
You hit the bullfrog.
The bullfrog is almost dead.
The wall freezes the bullfrog.
You kill the bullfrog!
No target in view!
The frozen ramparts melt away.
e - 103 stones (gained 4)
Found a +0 short sword.
You now have 560 gold pieces (gained 10).
You now have 579 gold pieces (gained 19).
A steam dragon comes into view.
The steam dragon hisses angrily.
The steam dragon closely misses you. The steam dragon claws you.
Casting: Frozen Ramparts (safe; 1% risk of failure)
Confirm with . or Enter, or press ? or * to list all spells.
Casting: Frozen Ramparts (safe; 1% risk of failure)
Press: ? - help, Dir - look around, f - activate You feel a surge of power!
The walls around you are covered in ice.
The wall freezes the steam dragon!
The steam dragon breathes steam at you. The ball of steam hits you!!
The steam scalds you terribly!
Ouch! That really hurt!
You hit the steam dragon.
The steam dragon is moderately wounded.
You are engulfed in a cloud of scalding steam.
You die...

#..........##
#..........#
#..........#
#####.........##
#....§§§.......#
###..).§.......##
##.§§§........#
##.§.##.......##
#@§§.#####.....###
#D....# #........
#......# #....##..
........#
#...####.
##.......# #..##
#. #.#####.. ##..#
## .# #.###..##
##. #. #......#
##..
##......####..#


You could see a steam dragon.

Vanquished Creatures
  Pikel (D:4)
  Maggie (D:8)
  Sigmund (D:5)
  Edmund (D:6)
  3 orc warriors
  A sky beast (D:6)
  A black bear (D:4)
  A centaur (D:8)
  2 ogres
  2 phantoms
  A kobold brigand (D:4)
  Blork the orc (D:5)
  A bullfrog (D:8)
  A gnoll sergeant (D:7)
  3 scorpions
  4 wights (D:8)
  3 howler monkeys (D:7)
  A hound (D:5)
  Crazy Yiuf (D:4)
  An orc priest (D:8)
  2 jellies
  A gnoll bouda (D:4)
  3 iguanas
  7 orc wizards
  2 sleepcaps
  Natasha (thrice) (D:4)
  3 adders
  23 gnolls
  A shadow imp (D:5)
  2 white imps
  4 worms
  4 dart slugs
  35 orcs
  4 endoplasms
  2 giant cockroaches
  4 goblins
  4 hobgoblins
  23 jackals
  2 quokkas
  9 ball pythons
  3 bats
  A frilled lizard (D:1)
  6 kobolds
  3 rats
182 creatures vanquished.

Vanquished Creatures (collateral kills)
  Menkaure (D:6)
  A phantom (D:6)
  A white imp (D:8)
  2 orcs (D:6)
5 creatures vanquished.

Grand Total: 187 creatures vanquished

Notes
Turn   | Place    | Note
-------+----------+-------------------------------------------
     0 | D:1      | buriedalive the Deep Elf Ice Elementalist began the quest
                  | for the Orb.
     0 | D:1      | Reached XP level 1. HP: 10/10 MP: 6/6
   178 | D:1      | Reached XP level 2. HP: 15/15 MP: 6/8
   907 | D:2      | Found Nouzaty's Book Shoppe.
   943 | D:2      | Found Tywkolahoss's Magic Scroll Boutique.
   955 | D:2      | Bought a scroll of enchant armour for 105 gold pieces
   970 | D:2      | Reached XP level 3. HP: 19/19 MP: 10/10
  1034 | D:2      | Found Gasiucak's Distillery.
  1073 | D:2      | Found Vyomab's Antique Weapon Shop.
  1160 | D:2      | Learned a level 3 spell: Ozocubu's Armour
  1164 | D:2      | Learned a level 3 spell: Frozen Ramparts
  1193 | D:2      | Found Ziumid's Book Shoppe.
  1224 | D:2      | Found a faded altar of an unknown god.
  1239 | D:2      | Noticed a scorpion
  1244 | D:2      | Killed a scorpion
  1245 | D:2      | Reached skill level 5 in Ice Magic
  1245 | D:2      | Reached XP level 4. HP: 24/24 MP: 4/12
  1530 | D:3      | Found an iron altar of Okawaru.
  1574 | D:3      | Reached XP level 5. HP: 26/28 MP: 10/14
  2438 | D:4      | Noticed a phantom
  2450 | D:4      | Killed a phantom
  2451 | D:4      | Reached skill level 5 in Spellcasting
  2478 | D:4      | Noticed Natasha
  2485 | D:4      | Learned a level 4 spell: Summon Ice Beast
  2492 | D:4      | Killed Natasha
  2493 | D:4      | Reached XP level 6. HP: 25/32 MP: 10/15
  2770 | D:4      | Noticed Natasha
  2779 | D:4      | Killed Natasha
  2780 | D:4      | Reached skill level 5 in Dodging
  2783 | D:4      | Noticed Natasha
  2794 | D:4      | Killed Natasha
  3270 | D:4      | Found a runed translucent door.
  3271 | D:4      | Noticed Crazy Yiuf
  3278 | D:4      | Killed Crazy Yiuf
  3566 | D:4      | Reached XP level 7. HP: 34/36 MP: 9/16
  3575 | D:4      | Reached skill level 1 in Summonings
  4658 | D:5      | Entered Level 5 of the Dungeon
  4658 | D:5      | Noticed Sigmund
  4658 | D:5      | Noticed Pikel
  4669 | D:4      | Killed Pikel
  4670 | D:4      | Reached XP level 8. HP: 24/41 MP: 10/17
  4937 | D:5      | Noticed Blork the orc
  4950 | D:5      | Killed Blork the orc
  5266 | D:5      | Reached skill level 5 in Summonings
  5388 | D:5      | Killed Sigmund
  5510 | D:5      | Found an opulent altar of Gozag.
  5788 | D:6      | Reached XP level 9. HP: 37/45 MP: 12/18
  6260 | D:6      | Noticed Menkaure
  6265 | D:6      | Killed Menkaure
  6473 | D:6      | Noticed Edmund
  6486 | D:6      | Killed Edmund
  6920 | D:6      | Found a white marble altar of Elyvilon.
  7481 | D:7      | Found a staircase to the Ecumenical Temple.
  7487 | Temple   | Entered the Ecumenical Temple
  7496 | Temple   | Became a worshipper of Ashenzari the Shackled
  8546 | D:8      | HP: 1/37 [wight/+0 scimitar (7)]
  8548 | D:8      | Found an ornate altar of the Wu Jian Council.
  8548 | D:8      | Found a bloodstained altar of Trog.
  8613 | D:8      | Noticed Maggie
  8626 | D:8      | Killed Maggie
  8627 | D:8      | Reached skill level 10 in Dodging
  8627 | D:8      | Reached skill level 10 in Ice Magic
  9035 | D:8      | Reached * piety under Ashenzari
  9540 | D:8      | Engulfed by a steam dragon's steam

Illustrated notes

Levels and vault maps discovered:
D:1:      dpeg_arrival_arbitrary_b, layout_basic, minmay_heptomino_l4
D:2:      layout_rooms, ebering_ecumenical_altar_rust, serial_shops,
          nicolae_shop_statue_plus, shop, nicolae_shop_hallway_stairs,
          shop_fountains, nicolae_shop_tiny_real_fake_doors, corexii_shack
D:3:      wander_river, layout_basic, mainiacjoe_overflow_small_starburst
D:4:      lemuel_castle_with_subvaults [lemuel_castle_interior_original],
          layout_layer_cave, uniq_crazy_yiuf_cottage, uniq_natasha
D:5:      layout_cave_pools, grunt_gozag_breadcrumbs, serial_bayou_pond_e,
          uniq_blork_the_orc, uniq_sigmund, uniq_pikel
D:6:      layout_layer_cave, elyvilon_altar_3, uniq_menkaure, uniq_edmund
D:7:      layout_basic, temple_green, nicolae_zen_rock_garden,
          hangedman_glass_teeth
D:8:      layout_layer_cave, mainiacjoe_overflow_catwalk_spiral,
          dreamdust_princess_corridor, uniq_maggie
Temple:   nicolae_temple_no_exploring_needed

Skill      XL: |  1  2  3  4  5  6  7  8  9 |
---------------+----------------------------+-----
Dodging        | 3 4 6 7 8 10 | 10.7
Spellcasting   | 4 5 |  5.0
Ice Magic      | 5 6 8 9 10 | 10.0
Summonings     | 4 5 7 |  7.7
Fighting       | |  0.8
Stealth        | |  2.4

Action                     |  1- 3 |  4- 6 |  7- 9 || total
---------------------------+-------+-------+-------++-------
  Melee: Dagger            |    36 |       |    45 ||    81
         Long sword        |    15 |    39 |    55 ||   109
         Flail             |       |       |    57 ||    57
         Punch             |       |       |     1 ||     1
  Throw: Dart              |       |       |     1 ||     1
   Cast: Freeze            |    26 |    12 |    23 ||    61
         Frozen Ramparts   |     1 |    10 |    42 ||    53
         Ozocubu's Armour  |     1 |     5 |     9 ||    15
         Summon Ice Beast  |       |       |     5 ||     5
 Invoke: Curse Item        |       |       |     2 ||     2
    Use: Scroll            |     1 |    11 |    10 ||    22
         Potion            |       |       |     3 ||     3
   Stab: Sleeping          |     3 |     1 |     3 ||     7
 Armour: Robe              |    15 |    24 |    52 ||    91
  Dodge: Dodged            |    55 |    40 |   165 ||   260
